 Dungeon Crawl Stone Soup version 0.29.0-4-gdea44cf6ec (webtiles) character file.

Game seed: 17064441528394534204

73 qw the Chopper (level 4, 0/26 HPs)
             Began as a Tengu Warper on Aug 28, 2022.
             Succumbed to an adder's poison
             ... on level 2 of the Dungeon.
             The game lasted 00:00:10 (1788 turns).

qw the Chopper (Tengu Warper)                       Turns: 1788, Time: 00:00:10

Health: 0/26       AC:  6    Str: 14    XL:     4   Next: 27%
Magic:  8/8        EV: 10    Int: 13    God:
Gold:   77         SH:  0    Dex: 19    Spells: 7/7 levels left

rFire   . . .      SeeInvis .   Y - +0 hand axe
rCold   . . .      Faith    .   (no shield)
rNeg    . . .      Spirit   .   k - +0 scale mail
rPois   .          Reflect  .   (helmet restricted)
rElec   .          Harm     .   (no cloak)
rCorr   .          Rampage  .   (no gloves)
Will    +....                   (boots unavailable)
Stlth   ..........              (no amulet)
HPRegen 0.08/turn               f - +6 ring of dexterity
MPRegen 0.11/turn               j - ring of willpower

@: lethally poisoned (0 -> -1)
A: beak, talons 3
a: no special abilities


You were on level 2 of the Dungeon.
You visited 1 branch of the dungeon, and saw 2 of its levels.

You collected 77 gold pieces.


Innate Abilities, Weirdness & Mutations

You have a beak for a mouth.
You have claws for feet.


   Skills:
 - Level 2.0 Fighting
 + Level 4.9 Axes
 - Level 1.0 Throwing
 - Level 1.1 Armour
 - Level 2.1 Dodging
 - Level 2.0 Spellcasting
 - Level 2.4 Translocations


You had 7 spell levels left.
You didn't know any spells.
Your spell library contained the following spells:

 Spells                   Type           Power      Damage    Failure   Level
 Blink                    Tloc           14%        N/A       54%         2
 Gell's Gravitas          Tloc           7%         N/A       77%         3
 Lesser Beckoning         Tloc           7%         N/A       77%         3
 Teleport Other           Tloc           7%         N/A       77%         3
 Manifold Assault         Tloc           7%         N/A       100%        5

Inventory:

Hand Weapons
 i - a +0 flail
 Y - a +0 hand axe (weapon)
Missiles
 o - 5 boomerangs (quivered)
Armour
 b - a +4 ring mail of willpower
 k - a +0 scale mail (worn)
Jewellery
 f - a +6 ring of dexterity (left hand)
 j - a ring of willpower (right hand)
Scrolls
 a - a scroll of teleportation {unknown}
Potions
 e - a potion of invisibility {unknown}
 h - a potion of brilliance {unknown}
 n - a potion of heal wounds {unknown}
 p - a potion of mutation {unknown}

Dungeon Overview and Level Annotations

Branches:
Dungeon (2/15)

Altars:


Message History

You feel sick. The adder bites you but does no damage. The adder bites you.
You barely miss the adder. Your kick misses the adder.
The adder is lightly wounded.
You feel sick. The adder barely misses you.
You hit the adder. You peck the adder, but do no damage.
The adder is severely wounded.
You feel sick. The adder bites you.
You are more poisoned.
The adder poisons you!
A frilled lizard comes into view.
You barely miss the adder.
The adder is severely wounded.
You feel sick.
The frilled lizard hisses angrily.
The adder bites you but does no damage. The adder barely misses you.
You closely miss the adder. Your kick misses the adder.
The adder is severely wounded.
You feel sick. The adder bites you.
You are lethally poisoned!
The adder poisons you!
You hit the adder.
You kill the adder!
You feel very sick.
You closely miss the frilled lizard.
You feel sick. The frilled lizard closely misses you.
You closely miss the frilled lizard.
You feel sick.
The frilled lizard completely misses you.
You hit the frilled lizard. Your kick misses the frilled lizard.
You peck the frilled lizard.
You kill the frilled lizard!
You feel sick.
There is a lethal amount of poison in your body!
You feel sick.
There is a lethal amount of poison in your body!
You feel sick.
There is a lethal amount of poison in your body!
You feel sick.
There is a lethal amount of poison in your body!
You die...

.#. # ..>.. ...
#.#.#.# #.# #.#.#.#
#.# #.#.#.# # #.#
.....#.#####.# #
.........##.###.#
#%)#####.......>#
#.####@.# #.###.####
#.......# #........#
#.####..# #.###.##.#
#..#####.# #.##.#
#........# #.##.#
#.###.#### #.##.#
#......<.###.##.#
#.########....##...#)#
#...........#....#...#


There were no monsters in sight!

Vanquished Creatures
  3 adders
  An endoplasm (D:1)
  A giant cockroach (D:2)
  4 goblins
  5 hobgoblins
  5 quokkas
  3 ball pythons
  8 bats
  4 frilled lizards
  3 kobolds
  10 rats
47 creatures vanquished.

Notes
Turn   | Place    | Note
-------+----------+-------------------------------------------
     0 | D:1      | qw the Tengu Warper began the quest for the Orb.
     0 | D:1      | Reached XP level 1. HP: 12/12 MP: 4/4
     0 | D:1      | 0 ||| qw: Version: 0.1-a-89-g26bdef1
     0 | D:1      | 0 ||| qw: Game counter: 166
     0 | D:1      | 0 ||| qw: Always use a shield: true
     0 | D:1      | 0 ||| qw: God list: Okawaru
     0 | D:1      | 0 ||| qw: Allow faded altars: false
     0 | D:1      | 0 ||| qw: Do Orc after D:15 true
     0 | D:1      | 0 ||| qw: Do second Lair branch before Depths: true
     0 | D:1      | 0 ||| qw: Lair rune preference: random
     0 | D:1      | 0 ||| qw: Plans: Normal
     0 | D:1      | 0 ||| PLANNING D:1-11
   153 | D:1      | Reached XP level 2. HP: 17/17 MP: 6/6
   156 | D:1      | 156 ||| DROPPING +0 whip.
   172 | D:1      | Reached skill level 3 in Axes
   897 | D:1      | 897 ||| UPGRADING to +0 scale mail.
   907 | D:1      | 907 ||| DROPPING +0 leather armour.
   908 | D:1      | 908 ||| UPGRADING to +6 ring of dexterity.
   909 | D:1      | 909 ||| UPGRADING to ring of willpower.
   910 | D:1      | 910 ||| READING scroll labelled HATZUA SAUMEAN.
   911 | D:1      | 911 ||| READING scroll labelled HIEMOFO HIAK.
   912 | D:1      | 912 ||| READING scroll labelled GOCUSA VAFUCAL.
   913 | D:1      | 913 ||| READING scroll labelled JEHI ZAAKLE.
   914 | D:1      | 914 ||| DROPPING scroll of blinking.
   951 | D:2      | 951 ||| STAIRDANCE
   961 | D:1      | Reached XP level 3. HP: 13/21 MP: 7/7
  1069 | D:2      | 1069 ||| STAIRDANCE
  1077 | D:1      | Reached skill level 4 in Axes
  1299 | D:2      | 1299 ||| Stepping ~*~*~tactically~*~*~ (stealth).
  1574 | D:2      | Reached XP level 4. HP: 26/26 MP: 8/8
  1783 | D:2      | HP: 6/26 [poisoned by an adder]
  1786 | D:2      | HP: 2/26 [poisoned by an adder]
  1788 | D:2      | Succumbed to an adder's poison

Levels and vault maps discovered:
D:1:      saegor_arrival_under_anarchy, layout_basic
D:2:      layout_loops_ring, uniq_sigmund

Skill      XL: |  1  2  3 |
---------------+----------+-----
Axes           | 3 4 |  4.9
Fighting       | |  2.0
Throwing       | |  1.0
Armour         | |  1.1
Dodging        | |  2.1
Spellcasting   | |  2.0
Translocations | |  2.4

Action                   |  1- 3 |  4- 6 || total
-------------------------+-------+-------++-------
Melee: Hand axe          |    73 |    22 ||    95
       Kick              |    11 |     2 ||    13
       Peck              |     5 |     3 ||     8
Throw: Boomerang         |    27 |     7 ||    34
  Use: Scroll            |     4 |       ||     4
Armor: Leather armour    |     9 |       ||     9
       Scale mail        |    27 |     9 ||    36
Dodge: Dodged            |    38 |    11 ||    49

Table legend:
 A = Non-vault XP
 B = Vault XP
 C = Vault XP percentage of total XP
 D = Non-vault monster count
 E = Vault monster count
 F = Vault count percentage of total count
                 A         B        C        D         E       F
            +---------+---------+-------+---------+---------+-------
      Total |     105 |       0 |   0.0 |      47 |       0 |   0.0
            +---------+---------+-------+---------+---------+-------
        D:1 |      51 |       0 |   0.0 |      28 |       0 |   0.0
        D:2 |      54 |       0 |   0.0 |      19 |       0 |   0.0
            +---------+---------+-------+---------+---------+-------
